 Dungeon Crawl Stone Soup version 0.30-a0-591-g3c58d2bc28 (webtiles) character file.

Game seed: 13404762653636723967

102 wormed the Insei (level 4, 0/43 HPs)
             Began as an Octopode Transmuter on Jan 5, 2023.
             Slain by a gnoll
             ... wielding a +0 flail
              (5 damage)
             ... on level 3 of the Dungeon.
             The game lasted 00:03:31 (2235 turns).

wormed the Insei (Octopode Transmuter)              Turns: 2235, Time: 00:03:32

Health: 0/43       AC: 22    Str:  9    XL:     4   Next: 78%
Magic:  5/7        EV:  2    Int: 17    God:
Gold:   146        SH:  0    Dex: 12    Spells: 1/8 levels left

rFire   . . .      SeeInvis .    g - staff of air
rCold   . . .      Faith    .    (no shield)
rNeg    . . .      Spirit   .    (helmet currently unavailable)
rPois   +          Reflect  .    (no amulet)
rElec   +          Harm     .    (no ring)
rCorr   .          Rampage  .    (no ring)
Will    .....      NoTele   +    (no ring)
Stlth   +                        (no ring)
HPRegen 0.27/turn                (no ring)
MPRegen 0.10/turn                (no ring)
                                 (no ring)
                                 (no ring)

@: tree-form, wereblooded
A: stationary, stasis, torment immunity, boosted hp, almost no armour,
(amphibious), 8 rings, (camouflage 1), (gelatinous body 1), (nimble swimmer 1),
(tentacles)
a: no special abilities


You were on level 3 of the Dungeon.
You were a tree.
You visited 1 branch of the dungeon, and saw 3 of its levels.

You collected 146 gold pieces.

Inventory:

Magical Staves
 g - a staff of air (weapon)
Scrolls
 c - a scroll of amnesia {unknown}
 h - a scroll of torment
 i - a scroll of teleportation
Potions
 a - a potion of lignification
 b - a potion of ambrosia {unknown}
 d - 2 potions of might {unknown}
 e - a potion of invisibility {unknown}
 f - a potion of brilliance {unknown}
 j - 2 potions of curing {unknown}
 k - a potion of haste {unknown}


   Skills:
 + Level 1.7 Fighting
 + Level 2.5 Dodging
 + Level 3.3 Unarmed Combat
 + Level 2.5 Spellcasting
 * Level 3.1 Transmutations
 + Level 1.3 Ice Magic


You had one spell level left.
You knew the following spells:

 Your Spells              Type           Power      Damage    Failure   Level
a - Beastly Appendage     Tmut           24%        N/A       5%          1
b - Wereblood             Tmut           12%        N/A       8%          2
c - Ice Form              Ice/Tmut       9%         N/A       58%         4

Your spell library contained the following spells:

 Spells                   Type           Power      Damage    Failure   Level
 Blink                    Tloc           4%         N/A       28%         2
 Momentum Strike          Conj/Tloc      4%         3d8       28%         2
 Spider Form              Tmut/Pois      7%         N/A       28%         3
 Lesser Beckoning         Tloc           4%         N/A       50%         3


Dungeon Overview and Level Annotations

Branches:
Dungeon (3/15)

Altars:


Innate Abilities, Weirdness & Mutations

You are a tree.
Your roots penetrate the ground, keeping you stationary.
You cannot be teleported.
You are immune to unholy pain and torment.
Your maximum health is greatly increased.
You cannot wear most types of armour.
((You are amphibious.))
You can wear up to eight rings at the same time.
((Your skin changes colour to match your surroundings (Stealth+).))
((Your rubbery body absorbs attacks. (AC +1, EV +1)))
((You are camouflaged when in or above water. (Stealth+)))
((You have tentacles for arms and can constrict up to eight enemies at once.))


Message History

The gnoll hits you from afar with a +2 vampiric spear.
The goblin shouts!
You hear a shout!
The gnoll completely misses you.
Things that are here:
a +0 whip; a gnoll corpse You closely miss the gnoll.
Your grab misses the gnoll.
You pierce the gnoll.
The gnoll is moderately wounded.
The gnoll hits you with a +2 vampiric spear!
You hit the gnoll but do no damage. You grab the gnoll.
The gnoll is moderately wounded.
You constrict the gnoll, but do no damage.
The gnoll closely misses you.
You hit the gnoll.
You pierce the gnoll, but do no damage.
The gnoll is heavily wounded.
You constrict the gnoll.
The gnoll hits you with a +2 vampiric spear!
* * * LOW HITPOINT WARNING * * *
Your tentacle spike disappears.
You turn into a tree.
Your roots penetrate the ground.
You lose your grip on the gnoll.
The gnoll hits you but does no damage.
You hit the gnoll but do no damage.
The gnoll is severely wounded.
A gnoll comes into view. It is wielding a +0 spear.
The gnoll hits you from afar with a +2 vampiric spear.
* * * LOW HITPOINT WARNING * * *
The gnoll draws strength from your wounds!
The gnoll shouts!
You hit the gnoll.
The gnoll is moderately wounded.
The gnoll hits you but does no damage. The gnoll barely misses you.
You hit the gnoll but do no damage.
The gnoll is moderately wounded.
The gnoll hits you but does no damage. x2
You closely miss the gnoll.
The gnoll is lightly wounded.
The gnoll hits you from afar with a +2 vampiric spear.
* * * LOW HITPOINT WARNING * * *
The gnoll draws strength from your wounds!
The gnoll hits you with a +0 flail.
You die...

. ##.)..............#####
#.............###.......#
......<.........#
#.....###
.#####..........#
#.....####
#..........###.........
#............#.........
######.#####.#....†....
#.# #.....#..... ## #♣#
###....##..... ..
####g##....#.########
#.#..rgg..##.#.#
###.....g.#### #.###
...........# #...#
.#####.....# ###.##
#......## #..#
.........##. ##.#
####....>.#.######.###


You could see 3 gnolls, a goblin and a rat.

Vanquished Creatures
  A gnoll (D:3)
  3 adders
  3 worms (D:2)
  3 dart slugs
  An orc (D:3)
  A bat (D:1)
  3 endoplasms
  4 giant cockroaches
  5 goblins
  3 hobgoblins
  7 jackals
  6 ball pythons
  2 frilled lizards
  2 kobolds (D:1)
  2 rats
46 creatures vanquished.

Notes
Turn   | Place    | Note
-------+----------+-------------------------------------------
     0 | D:1      | wormed the Octopode Transmuter began the quest for the Orb.
     0 | D:1      | Reached XP level 1. HP: 13/13 MP: 3/3
    98 | D:1      | Reached XP level 2. HP: 14/18 MP: 5/5
   447 | D:1      | Reached XP level 3. HP: 23/23 MP: 4/6
   851 | D:2      | Found a faded altar of an unknown god.
   891 | D:2      | Found the +8 orange crystal plate armour {Archmagi, Int+3
                  | Clar}
  1076 | D:2      | Reached skill level 1 in Ice Magic
  1076 | D:2      | Reached XP level 4. HP: 21/28 MP: 5/7
  1965 | D:2      | Learned a level 2 spell: Wereblood
  1970 | D:2      | Learned a level 4 spell: Ice Form
  2235 | D:3      | Slain by a gnoll

Illustrated notes

Levels and vault maps discovered:
D:1:      dpeg_arrival_chambers_temple_mockup, layout_loops_cross,
          nrook_mini_backslash
D:2:      layout_basic, chequers_ecumenical_altar_island
D:3:      layout_rooms, lightli_sewer_entry_pipes, nicolae_underground_beach

Skill      XL: |  1  2  3  4 |
---------------+-------------+-----
Ice Magic      | 1 |  1.3
Transmutations | 3 |  3.1
Fighting       | |  1.7
Dodging        | |  2.5
Unarmed Combat | |  3.3
Spellcasting   | |  2.5

Action                   |  1- 3 |  4- 6 || total
-------------------------+-------+-------++-------
Melee: Unarmed           |    74 |    20 ||    94
       Tentacles         |    18 |     9 ||    27
       Constrict         |    17 |    11 ||    28
       Kick              |    16 |    12 ||    28
       Punch             |     3 |       ||     3
       Staff             |       |    14 ||    14
 Cast: Beastly Appendage |    15 |    14 ||    29
       Wereblood         |       |     4 ||     4
  Use: Scroll            |     4 |     4 ||     8
       Potion            |     1 |     1 ||     2
 Stab: Sleeping          |     4 |     3 ||     7
Armor: Skin              |     8 |     5 ||    13
Dodge: Dodged            |    74 |    16 ||    90

Table legend: (Time is in decaauts)
 A = Elapsed time spent in this place.
 B = Non-inter-level travel time spent in this place.
 C = Inter-level travel time spent in this place.
 D = Time resting spent in this place.
 E = Time spent auto-exploring this place.
 F = Levels seen in this place.
 G = Mean time per level.
                   A        B        C        D        E       F      G
               +--------+--------+--------+--------+--------+-----+--------+
         Total |   2232 |   2195 |     37 |    350 |   1421 |   3 |  744.0 |
       Dungeon |   2232 |   2195 |     37 |    350 |   1421 |   3 |  744.0 |
               +--------+--------+--------+--------+--------+-----+--------+

Top non-repeatable levels by time:
     D:2: 1120 daAuts
     D:1: 829 daAuts
     D:3: 283 daAuts
